 Dungeon Crawl Stone Soup version 0.29-a0-459-g97dee8cd24 (webtiles) character file.

Game seed: 9831125967841452641

123 acebull12 the Poker (level 4, -22/36 HPs)
             Began as a Demonspawn Monk on May 21, 2022.
             Killed by an exploding dream sheep (46 damage)
             ... ignited by their inner flame
             ... on level 4 of the Dungeon.
             The game lasted 00:06:30 (4303 turns).

acebull12 the Poker (Demonspawn Monk)               Turns: 4303, Time: 00:06:33

Health: -22/36     AC: 11    Str: 14    XL:     4   Next: 80%
Magic:  4/4        EV:  9    Int: 11    God:
Gold:   178        SH:  0    Dex: 15    Spells: 3/3 levels left

rFire   x . .      SeeInvis .   a - +0 spear
rCold   + + .      Faith    .   (no shield)
rNeg    . . .      Spirit   .   i - +0 ice dragon scales
rPois   .          Reflect  .   o - +0 helmet
rElec   .          Harm     .   (no cloak)
rCorr   .          Rampage  .   (no gloves)
Will    .....                   f - +0 pair of boots
Stlth   ..........              (no amulet)
HPRegen 0.12/turn               (no ring)
MPRegen 0.09/turn               (no ring)

@: no status effects
A: foul stench 1
a: no special abilities


You were on level 4 of the Dungeon.
You visited 1 branch of the dungeon, and saw 4 of its levels.

You collected 178 gold pieces.

Inventory:

Hand Weapons
 a - a +0 spear (weapon)
Armour
 b - a +0 robe
 f - a +0 pair of boots (worn)
 i - +0 ice dragon scales (worn)
 j - a +0 leather armour of fire resistance
 o - a +0 helmet (worn)
Jewellery
 q - a ring of magical power
Wands
 l - a wand of flame (3)
Scrolls
 d - a scroll of poison {unknown}
 e - a scroll of fear {unknown}
 g - a scroll of immolation {unknown}
 h - 2 scrolls of teleportation {unknown}
 k - a scroll of enchant weapon {unknown}
 n - a scroll of magic mapping {unknown}
 p - a scroll of blinking {unknown}
Potions
 c - a potion of ambrosia
 m - 3 potions of curing {unknown}
 r - a potion of magic {unknown}
 s - a potion of heal wounds {unknown}


   Skills:
 * Level 3.6 Fighting
 * Level 4.1 Polearms
 + Level 1.0 Armour
 + Level 3.0 Dodging
 + Level 2.0 Stealth


You had 3 spell levels left.
You didn't know any spells.
Your spell library contained the following spells:

 Spells                   Type           Power      Damage    Failure   Level
 Sandblast                Erth           0%         2d4       91%         1
 Passwall                 Tmut/Erth      0%         N/A       97%         2
 Gell's Gravitas          Tloc           0%         N/A       99%         3
 Inner Flame              Hex/Fire       0%         N/A       99%         3
 Lesser Beckoning         Tloc           0%         N/A       99%         3
 Stone Arrow              Conj/Erth      0%         3d7       99%         3
 Teleport Other           Tloc           0%         N/A       99%         3
 Cause Fear               Hex            0%         N/A       100%        4
 Discord                  Hex            0%         N/A       100%        8


Dungeon Overview and Level Annotations

Branches:
Dungeon (4/15)
 Temple: D:4-7

Altars:
Ru
Xom

Shops:
D:1 [*   D:2 :=   D:4 ?


Innate Abilities, Weirdness & Mutations

You may rarely emit foul miasma when damaged in melee.


Message History

A dream sheep catches fire!
The dream sheep bleats in terror.
A dream sheep catches fire!
The dream sheep is struck with panic!
A dream sheep catches fire!
The dream sheep stampedes away.
A dream sheep catches fire!
A frightened dream sheep leaps away.
A dream sheep catches fire!
The dream sheep panics and turns to flee.
You hear mad divine giggling.
Found a shimmering altar of Xom.
The dream sheep burns! x5; The dream sheep bites you.
The dream sheep bleats! x4
You hit the dream sheep but do no damage.
Your attack snaps the dream sheep out of its fear.
The dream sheep is lightly wounded.
The dream sheep burns! x5
You hit the dream sheep but do no damage.
The dream sheep is moderately wounded.
The dream sheep burns! x5; The dream sheep barely misses you.
You barely miss the dream sheep.
The dream sheep is moderately wounded.
The dream sheep burns! x5; The dream sheep bites you!
You emit a cloud of foul miasma!
A giant cockroach comes into view.
You hit the dream sheep.
Flame seeps out of the dream sheep.
The dream sheep is severely wounded.
The dream sheep burns! x5
The dream sheep is engulfed in dark miasma.
The dream sheep is poisoned.
The dream sheep seems to slow down.
Flame seeps out of the dream sheep.
The dream sheep bites you but does no damage.
You hit the dream sheep but do no damage.
The dream sheep is almost dead.
The dream sheep burns! x5
The dream sheep explodes!
The fiery explosion engulfs you!!! The fire burns you terribly!
Ouch! That really hurt!
You die...

#############
##........Y..#
............#
#.........Y#
#..........# ###
#...§§.....#########..
#..§☼§................
#..§.@....... #<.
#.........#.# ###
#...........#
##)####.##..B.
#.###...###.# .##
#...........# ..
#####.†.###.# #
##...†..## ..
#..<##### ##


You could see 2 dream sheep and a giant cockroach.

Vanquished Creatures
  5 adders
  2 worms
  4 dart slugs
  An orc (D:3)
  8 endoplasms
  4 giant cockroaches
  4 hobgoblins
  3 jackals (D:1)
  10 kobolds
  A quokka (D:3)
  9 ball pythons
  3 bats
  4 goblins
  3 rats
61 creatures vanquished.

Vanquished Creatures (others)
  3 dream sheep (D:4)
  A plant (D:1)
4 creatures vanquished.

Grand Total: 65 creatures vanquished

Notes
Turn   | Place    | Note
-------+----------+-------------------------------------------
     0 | D:1      | acebull12 the Demonspawn Monk began the quest for the Orb.
     0 | D:1      | Reached XP level 1. HP: 18/18 MP: 1/1
   335 | D:1      | Found a faded altar of an unknown god.
   341 | D:1      | Gained mutation: You may rarely emit foul miasma when
                  | damaged in melee. [demonic ancestry]
   341 | D:1      | Reached XP level 2. HP: 12/24 MP: 2/2
   801 | D:1      | Reached skill level 3 in Polearms
   836 | D:1      | Found Ivesot's General Store.
  1017 | D:1      | Found Nestruwilu's Armour Emporium.
  1628 | D:2      | Found Opaxamuo's Jewellery Shop.
  1721 | D:2      | Reached XP level 3. HP: 28/29 MP: 3/3
  1737 | D:2      | Found Derghioh's Book Emporium.
  2396 | D:2      | Reached XP level 4. HP: 35/35 MP: 4/4
  3322 | D:3      | Found a sacrificial altar of Ru.
  3644 | D:3      | Reached skill level 4 in Polearms
  4067 | D:4      | Found Fiud's Magic Scroll Shop.
  4148 | D:4      | Reached skill level 1 in Armour
  4297 | D:4      | Noticed a dream sheep
  4297 | D:4      | Noticed a dream sheep
  4297 | D:4      | Noticed a dream sheep
  4297 | D:4      | Noticed a dream sheep
  4297 | D:4      | Noticed a dream sheep
  4297 | D:4      | Found a shimmering altar of Xom.
  4303 | D:4      | Killed a dream sheep
  4303 | D:4      | Killed a dream sheep
  4303 | D:4      | Killed a dream sheep
  4303 | D:4      | Killed by an exploding dream sheep... ignited by their
                  | inner flame

Illustrated notes

Levels and vault maps discovered:
D:1:      onia_arrival_mini_maze, layout_loops_ring, serial_shops,
          nicolae_shop_statue_plus, shop, hellmonk_ecumenical_altar_slurped_away
D:2:      layout_basic, serial_shops, nicolae_shop_stone,
          nicolae_shop_hallway_stairs
D:3:      layout_basic, mainiacjoe_overflow_boulevard
D:4:      layout_loops_ring, kb_xom_exploding_sheep, okawaru_ov_weapons_minmay,
          serial_shops, nicolae_stop_n_shop_2, uniq_ijyb, uniq_duvessa

Skill      XL: |  1  2  3  4 |
---------------+-------------+-----
Polearms       | 3 4 |  4.1
Dodging        | 3 |  3.0
Stealth        | 2 |  2.0
Armour         | 1 |  1.0
Fighting       | |  3.6

Action                   |  1- 3 |  4- 6 || total
-------------------------+-------+-------++-------
Melee: Spear             |   139 |   126 ||   265
       Punch             |     1 |     1 ||     2
 Stab: Sleeping          |     5 |       ||     5
Armor: Ice dragon scales |    37 |    54 ||    91
Dodge: Dodged            |    62 |    56 ||   118

Table legend: (Time is in decaauts)
 A = Elapsed time spent in this place.
 B = Non-inter-level travel time spent in this place.
 C = Inter-level travel time spent in this place.
 D = Time resting spent in this place.
 E = Time spent auto-exploring this place.
 F = Levels seen in this place.
 G = Mean time per level.
                   A        B        C        D        E       F      G
               +--------+--------+--------+--------+--------+-----+--------+
         Total |   4283 |   3961 |    322 |    516 |   2921 |   4 | 1070.8 |
       Dungeon |   4283 |   3961 |    322 |    516 |   2921 |   4 | 1070.8 |
               +--------+--------+--------+--------+--------+-----+--------+

Top non-repeatable levels by time:
     D:1: 1686 daAuts
     D:2: 1352 daAuts
     D:3: 1064 daAuts
     D:4: 179 daAuts
